Map: Odyssey LE

Players

Erfeyah - Winner!

  • Race: Protoss Protoss
  • Spawn Location: 5:00

A.I. 1 (Very Easy)

  • Race: Protoss Protoss
  • Spawn Location: 11:00

VOD

Have the link to the VOD?

Description

Time

  • Played on: Nov. 16, 2017, 6:19 p.m.
  • Length: 21:30
Show
View Real Time Build Order
Export as new Build Order

Erfeyah Protoss - Winner!

Build Orders:  

Get SALT Encoding   

  12  0:04  Probe  
  13  0:23  Pylon  
  13  0:45  Gateway  
  13  0:58  Gateway  
  13  1:00  Gateway  
  13  1:15  Probe  
  14  1:27  Probe  
  15  1:44  Pylon  
  15  1:46  Pylon  
  15  1:58  Cybernetics Core  
  15  2:17  Probe  
  16  2:23  Assimilator  
  16  2:46  Probe, Assimilator  
  17  2:58  Probe  
  17  3:03  Zealot  
  17  3:04  Zealot x2  
  24  3:10  Probe  
  25  3:22  Probe  
  26  3:30  Stalker  
  28  3:35  Probe  
  29  3:43  Warp Gate (Chrono Boost)  
  29  3:47  Probe  
  30  4:14  Gateway  
  30  4:16  Gateway  
  30  4:18  Gateway  
  30  4:49  Pylon  
  30  4:51  Pylon  
  30  4:53  Pylon  
  30  4:56  Pylon  
  30  4:57  Pylon  
  30  4:58  Pylon  
  30  6:12  Zealot  
  30  6:13  Zealot x4  
  40  7:01  Pylon  
  40  7:02  Pylon  
  40  7:04  Pylon  
  40  7:09  Pylon  
  40  7:11  Pylon  
  40  7:13  Pylon  
  40  7:16  Pylon  
  40  7:17  Pylon  
  40  7:18  Pylon  
  40  7:22  Pylon  
  40  7:26  Pylon  
  40  7:28  Pylon  
  40  7:30  Pylon  
  40  7:32  Pylon  
  40  7:44  Stalker x4  
  46  8:57  Zealot x5  
  56  9:27  Gateway  
  56  9:29  Gateway  
  56  9:33  Gateway  
  56  9:40  Gateway  
  56  9:44  Gateway  
  56  9:49  Stalker x4  
  56  9:50  Stalker x2  
  68  10:14  Nexus  
  68  10:21  Assimilator  
  68  10:27  Assimilator  
  68  11:27  Stalker  
  68  11:28  Stalker x4  
  78  11:33  Zealot  
  80  11:45  Probe  
  81  11:57  Probe  
  82  12:09  Probe  
  82  12:10  Stalker  
  82  12:11  Stalker x2  
  89  12:27  Probe  
  90  12:39  Probe  
  91  13:02  Zealot x6  
  91  13:03  Zealot  
  105  13:35  Stalker  
  105  13:36  Stalker  
  107  14:39  Stalker  
  107  14:40  Stalker  
  111  15:05  Probe  
  112  15:16  Stalker x2  
  112  15:17  Probe, Stalker x5  
  112  15:18  Stalker x4  
  135  16:21  Zealot x5  
  135  16:22  Zealot x6  
  157  17:22  Stalker x7  
  169  17:23  Stalker x4  
  179  18:16  Stalker  
  179  18:17  Stalker x5  
  179  18:18  Stalker x2  
  187  20:49  Sentry  
  189  20:50  Sentry x5  
Show
View Real Time Build Order
Export as new Build Order

A.I. 1 (Very Easy) Protoss 

Build Orders:  

Get SALT Encoding   

  12  0:00  Probe  
  13  0:13  Probe  
  14  0:19  Pylon  
  14  0:37  Assimilator  
  14  0:43  Gateway  
  14  0:47  Pylon  
  14  1:15  Assimilator  
  14  1:27  Probe  
  14  1:31  Cybernetics Core  
  15  1:33  Zealot  
  15  1:39  Probe  
  18  1:52  Probe  
  19  2:04  Probe  
  19  2:08  Warp Gate  
  20  2:16  Probe  
  21  2:28  Probe  
  22  2:50  Stalker  
  24  7:29  Probe  
  25  7:30  Adept  
  25  7:31  Pylon  
  25  7:34  Robotics Facility  
  27  7:37  Nexus  
  27  7:41  Probe  
  28  7:53  Probe  
  29  8:05  Probe  
  28  8:21  Observer  
  27  8:28  Zealot  
  29  8:42  Observer  
  30  8:50  Probe  
  31  8:57  Probe, Assimilator  
  31  9:00  Assimilator  
  32  9:05  Probe  
  33  9:12  Probe  
  34  9:19  Probe  
  35  9:26  Probe, Stalker  
  38  9:34  Probe  
  39  9:41  Probe  
  40  9:48  Probe  
  41  9:55  Probe  
  42  10:03  Probe  
  43  10:10  Probe  
  44  10:17  Probe  
  45  10:25  Probe  
  46  10:32  Probe  
  46  10:35  Pylon  
  47  10:39  Probe  
  48  13:11  Warp Prism  
  48  13:12  Stalker  
  52  13:13  Gateway  
  52  13:16  Robotics Bay  
  52  13:17  Stargate  
  52  13:20  Pylon  
  52  13:36  Stalker  
  54  13:47  Warp Prism  
  50  14:01  Zealot  
  52  14:02  Observer Gravitic Boosters  
  52  14:04  Gateway  
  52  14:23  Observer  
  53  14:25  Stalker  
  55  15:00  Nexus, Gravitic Drive  
  55  16:25  Assimilator  
  55  16:29  Assimilator  
  55  17:04  Immortal  
  59  17:29  Stalker  
  53  17:52  Stalker  
  55  18:14  Stalker  
  57  18:38  Immortal  
  61  19:49  Stalker  
  61  19:52  Probe  
  62  19:59  Probe  
  54  20:07  Probe  
  28  20:08  Pylon  
  29  20:14  Probe  
  29  20:18  Zealot  
  31  20:21  Probe  
  32  20:28  Probe  
  32  20:29  Nexus  
  33  20:35  Probe  
  33  20:41  Stalker  
  31  20:43  Probe  
  31  20:50  Probe  
  17  21:04  Probe  
  15  21:16  Probe  
Tags
 
Matchup
PvP
Spawn Locations
Cross Positions
Add a new tag
Caveats
  • Supply blocks, unpowered buildings, or Contaminate may cause inaccurate times.
  • Supply counts are checked every 10 seconds.